AoeStats
← Shania Twain

Arabian Desert

510249519Analyzed
1v1 RM · 11h ago on Sep 30, 2026· 57m 48s· 2 players
Game mode
Random Map
Map size
Tiny (2 player)
Population
200
Speed
Normal
Resources
Standard
Victory
Conquest
Starting age
Dark Age
Ending age
Imperial Age
RankedLock teamsTeams togetherTeam positionsShared explorationLock speedFull tech treeHidden civsTurbo modeCheats
Victory
Defeat
🇩🇪 Spanish · Germany
1586
+15
🇲🇽 Franks · Mexico
1560
-15
HK | Foko_89
6:03 Loom
8:58 Feudal Age
13:26 Fletching
18:34 Town Watch
19:32 Padded Archer Armor
21:48 Scale Barding Armor
21:55 Forging
27:56 Scale Mail Armor
34:42 Castle Age
33:37 Gold Mining
33:34 Double-Bit Axe
35:39 Wheelbarrow
36:47 Bodkin Arrow
37:11 Bow Saw
37:30 Leather Archer Armor
38:20 Husbandry
38:49 Ballistics
38:36 Scale Barding Armor
38:23 Elite Skirmisher
40:50 Chain Barding Armor
46:09 Iron Casting
Shania Twain
6:42 Loom
9:22 Feudal Age
10:05 Double-Bit Axe
10:24 Man-at-Arms
14:47 Arson
15:41 Fletching
23:15 Castle Age
27:05 Wheelbarrow
29:25 Padded Archer Armor
29:29 Husbandry
36:46 Horse Collar
37:03 Town Watch
41:43 Hand Cart
43:14 Gold Mining
44:00 Bloodlines
44:15 Leather Archer Armor
47:05 Imperial Age
46:06 Bloodlines
48:20 Ring Archer Armor
48:04 Heavy Plow
48:05 Stone Mining
50:16 Chemistry
55:05 Scale Barding Armor
55:10 Forging
54:21 Light Cavalry
55:21 Capped Ram
56:43 Conscription
56:46 Supremacy
56:14 Siege Ram
57:20 Chain Barding Armor
57:06 Hussar
Connection lost

Rejoining the realm…

Still unreachable

The connection could not be restored.

Session expired

The server has moved on; the page needs a fresh start.